Map: Cyber Forest LE

Players

SortOf - Winner!

  • Race: Zerg Zerg
  • Spawn Location: 5:00

Bee

  • Race: Zerg Zerg
  • Spawn Location: 11:00

Event: 2019 WCS Summer

VOD

Have the link to the VOD?

Description

Time

  • Played on: July 12, 2019, 6:18 a.m.
  • Length: 6:05

All games in this series

Show
View Real Time Build Order
Export as new Build Order

SortOf Zerg - Winner!

Build Orders: Hatch First 

Get SALT Encoding   

  12  0:00  Drone  
  13  0:12  Overlord  
  13  0:16  Drone  
  14  0:30  Drone x2  
  16  0:48  Hatchery  
  15  0:51  Drone  
  15  0:55  Drone  
  17  0:59  Drone  
  18  1:10  Extractor  
  17  1:13  Spawning Pool  
  17  1:16  Drone  
  17  1:20  Drone  
  18  1:27  Drone  
  19  1:38  Drone  
  20  1:49  Overlord  
  20  1:59  Queen  
  20  2:00  Queen  
  24  2:01  Drone x2  
  26  2:11  Drone x2  
  26  2:14  Metabolic Boost  
  28  2:22  Drone  
  29  2:23  Drone  
  30  2:34  Hatchery  
  30  2:36  Drone  
  30  2:43  Baneling Nest  
  29  2:45  Drone  
  29  2:46  Drone  
  29  2:48  Zergling x2  
  32  2:53  Zergling x2  
  32  2:56  Overlord  
  33  3:05  Drone  
  33  3:06  Drone  
  33  3:09  Drone  
  36  3:14  Overlord  
  36  3:16  Zergling x2  
  36  3:17  Drone x3  
  40  3:20  Drone  
  40  3:24  Drone  
  42  3:27  Baneling x2  
  42  3:30  Drone  
  43  3:40  Zergling x14  
  49  3:49  Extractor, Roach Warren  
  49  3:54  Zergling x8  
  51  3:56  Overlord  
  51  3:59  Overlord  
  51  4:09  Baneling  
  51  4:13  Overlord  
  48  4:25  Overlord  
  48  4:29  Roach x8  
  62  4:33  Roach  
  61  4:40  Roach x2  
  61  4:43  Overlord  
  64  4:46  Zergling x6  
  64  4:52  Zergling x6  
  70  4:57  Zergling x4  
  72  5:02  Zergling x2  
  72  5:03  Zergling x2  
  74  5:07  Baneling  
  74  5:08  Baneling x5  
  74  5:09  Baneling x2  
  74  5:12  Zergling x4  
  74  5:13  Zergling x2  
  77  5:17  Zergling x4  
  79  5:23  Zergling x2  
  79  5:24  Zergling x6  
  79  5:29  Baneling x4  
  79  5:30  Zergling x2  
  79  5:31  Zergling x2  
  81  5:40  Zergling x2  
  76  5:43  Zergling x8  
  76  5:45  Zergling x2  
Show
View Real Time Build Order
Export as new Build Order

Bee Zerg 

Build Orders: Hatch First 

Get SALT Encoding   

  12  0:00  Drone  
  13  0:12  Overlord  
  13  0:16  Drone  
  14  0:30  Drone x2  
  16  0:48  Hatchery  
  15  0:52  Drone  
  15  0:55  Drone  
  17  0:59  Drone  
  18  1:09  Extractor  
  17  1:14  Spawning Pool  
  17  1:17  Drone  
  17  1:21  Drone  
  18  1:27  Drone  
  19  1:38  Drone  
  20  1:49  Overlord  
  20  2:00  Drone x2  
  22  2:01  Queen x2  
  26  2:10  Drone x2  
  26  2:12  Metabolic Boost  
  29  2:22  Zergling x2  
  29  2:23  Drone  
  30  2:33  Hatchery  
  30  2:36  Drone  
  30  2:39  Drone  
  30  2:43  Overlord  
  31  2:50  Baneling Nest  
  31  2:51  Drone  
  31  2:54  Zergling x2  
  31  2:56  Zergling x2  
  33  3:03  Queen  
  35  3:06  Drone  
  35  3:08  Drone  
  35  3:12  Drone x2  
  39  3:16  Drone  
  39  3:19  Overlord  
  40  3:22  Drone  
  40  3:25  Drone  
  42  3:29  Extractor  
  42  3:30  Drone x2  
  43  3:34  Baneling  
  43  3:37  Evolution Chamber  
  42  3:46  Drone x6  
  47  3:56  Zergling x2  
  47  4:00  Zergling x4  
  50  4:05  Drone  
  50  4:07  Extractor  
  49  4:10  Zergling x6  
  52  4:21  Zergling x12  
  55  4:26  Zergling x2  
  56  4:34  Roach Warren  
  54  4:44  Overlord x3  
  54  4:46  Overlord  
  54  4:50  Baneling x2  
  54  5:03  Hatchery  
  53  5:12  Overlord  
  53  5:13  Roach x5  
  63  5:24  Roach  
  63  5:26  Roach x4  
  65  5:31  Roach x3  
  70  5:37  Roach x2  
Tags
 
Add a new tag
Caveats
  • Supply blocks, unpowered buildings, or Contaminate may cause inaccurate times.
  • Supply counts are checked every 10 seconds.